 Dungeon Crawl Stone Soup version 0.28-a0-674-gdaf460b524 (webtiles) character file.

Game seed: 1846217599006546089

32 Gwenloh the Bolt Thrower (level 3, 0/27 HPs)
             Began as a Formicid Hunter on Oct 17, 2021.
             Slain by a hound (5 damage)
             ... on level 2 of the Dungeon.
             The game lasted 00:03:48 (1474 turns).

Gwenloh the Bolt Thrower (Formicid Hunter)          Turns: 1474, Time: 00:03:48

Health: 0/27       AC:  4    Str: 16    XL:     3   Next: 42%
Magic:  3/3        EV: 11    Int: 10    God:
Gold:   44         SH:  0    Dex: 12    Spells: 2/2 levels left

rFire   . . .      SeeInvis +   b - +0 short sword
rCold   . . .      Faith    .   (no shield)
rNeg    . . .      Spirit   .   c - +0 leather armour
rPois   .          Reflect  .   (helmet unavailable)
rElec   .          Harm     .   (no cloak)
rCorr   .          Rampage  .   m - +0 pair of gloves
Will    .....                   (no boots)
Stlth   ++........              (no amulet)
HPRegen 0.09/turn               (no ring)
MPRegen 0.08/turn               (no ring)

@: no status effects
A: permanent stasis, dig shafts and tunnels, antennae 3, four strong arms
a: Dig, Shaft Self


You were on level 2 of the Dungeon.
You visited 1 branch of the dungeon, and saw 2 of its levels.

You collected 44 gold pieces.

Inventory:

Hand Weapons
 a - a +1 hand crossbow
 b - a +0 short sword (weapon)
Missiles
 d - 15 bolts
 k - 3 boomerangs (quivered)
Armour
 c - a +0 leather armour (worn)
 m - a +0 pair of gloves (worn)
Scrolls
 e - a scroll of fog {unknown}
 f - a scroll of holy word {unknown}
 h - 2 scrolls of teleportation {unknown}
 i - a scroll of identify {unknown}
Potions
 g - a potion of heal wounds {unknown}
 j - a potion of haste {unknown}
 l - a potion of might {unknown}


   Skills:
 - Level 2.1 Fighting
 * Level 4.7 Crossbows
 - Level 1.7 Dodging
 + Level 2.4 Stealth


You had 2 spell levels left.
You didn't know any spells.
Your spell library was empty.

Dungeon Overview and Level Annotations

Branches:
Dungeon (2/15)

Altars:


Innate Abilities, Weirdness & Mutations

You cannot be hasted, slowed, berserked, paralysed or teleported.
You can dig through walls and to a lower floor.
You have a pair of large antennae on your head. (SInv)
Your four strong arms can wield two-handed weapons with a shield.


Message History

The hound bites you. The hound misses you.
You hit the hound.
The hound is heavily wounded.
The hound misses you.
You closely miss the hound.
The hound is heavily wounded.
The hound barely misses you. x2
You closely miss the hound.
The hound is heavily wounded.
The hound barely misses you. x2
You closely miss the hound.
The hound is heavily wounded.
The hound bites you.
You closely miss the hound.
The hound is heavily wounded.
The hound barely misses you. The hound closely misses you.
You hit the hound but do no damage.
The hound is heavily wounded.
The hound barely misses you. The hound closely misses you.
You miss the hound.
The hound is heavily wounded.
The hound bites you but does no damage.
You miss the hound.
The hound is heavily wounded.
The hound bites you. The hound bites you but does no damage.
You barely miss the hound.
The hound is heavily wounded.
The hound bites you. x2
* * * LOW HITPOINT WARNING * * *
You hit the hound.
The hound is severely wounded.
The hound closely misses you.
You hit the hound.
The hound is almost dead.
The hound barely misses you. The hound bites you.
* * * LOW HITPOINT WARNING * * *
You barely miss the hound.
The hound is almost dead.
The hound barely misses you. The hound bites you.
You die...

#### #..
#.########
#.....@h?#
#.######.#
###.# ?#
#########.†.#
..
............#
###
#########.###
#.# #.# #.#


You could see a hound.

Vanquished Creatures
  2 dart slugs
  2 endoplasms
  2 giant cockroaches (D:1)
  2 hobgoblins (D:1)
  4 quokkas
  4 ball pythons
  3 bats (D:1)
  3 goblins
  A kobold (D:1)
  3 rats
26 creatures vanquished.

Notes
Turn   | Place    | Note
-------+----------+-------------------------------------------
     0 | D:1      | Gwenloh the Formicid Hunter began the quest for the Orb.
     0 | D:1      | Reached XP level 1. HP: 16/16 MP: 1/1
   337 | D:1      | Reached XP level 2. HP: 17/22 MP: 2/2
   551 | D:1      | Found a faded altar of an unknown god.
   844 | D:1      | Reached XP level 3. HP: 27/27 MP: 3/3
  1474 | D:2      | Slain by a hound

Illustrated notes

Levels and vault maps discovered:
D:1:      elethiomel_arrival_maze, layout_basic, basic_ecumenical_altar
D:2:      layout_loops_ring, uniq_terence

Skill      XL: |  1  2 |
---------------+-------+-----
Stealth        | 2 |  2.4
Fighting       | |  2.1
Crossbows      | |  4.7
Dodging        | |  1.7

Action                   || total
-------------------------++-------
Melee: Short sword       ||    56
 Fire: Hand crossbow     ||    15
Throw: Boomerang         ||    22
Armor: Leather armour    ||    17
Dodge: Dodged            ||    41

Table legend: (Time is in decaauts)
 A = Elapsed time spent in this place.
 B = Non-inter-level travel time spent in this place.
 C = Inter-level travel time spent in this place.
 D = Time resting spent in this place.
 E = Time spent auto-exploring this place.
 F = Levels seen in this place.
 G = Mean time per level.
                   A        B        C        D        E       F      G
               +--------+--------+--------+--------+--------+-----+--------+
         Total |   1480 |   1444 |     36 |    310 |    827 |   2 |  740.0 |
       Dungeon |   1480 |   1444 |     36 |    310 |    827 |   2 |  740.0 |
               +--------+--------+--------+--------+--------+-----+--------+

Top non-repeatable levels by time:
     D:1: 1230 daAuts
     D:2: 250 daAuts
